 Dungeon Crawl Stone Soup version 0.24.1-1-gd1d2a07e1b (webtiles) character file.

Game seed: 16604652288858803170, levelgen mode: deterministic

159945 Peloso the Peltast (level 17, -3/157 HPs)
             Began as a Minotaur Fighter on Apr 8, 2020.
             Was the Champion of Okawaru.
             Drowned by a water elemental (5 damage)
             ... summoned by Ilsuiw
             ... on level 3 of the Shoals.
             The game lasted 01:45:40 (35159 turns).

Peloso the Peltast (Minotaur Fighter)              Turns: 35159, Time: 01:45:41

Health: -3/157     AC: 29    Str: 34    XL:     17   Next: 17%
Magic:  24/24      EV: 11    Int:  5    God:    Okawaru [******]
Gold:   2173       SH: 22    Dex: 11    Spells: 16/16 levels left

rFire    + . .     SeeInvis .   a - +3 double sword (slice)
rCold    + + .     Gourm    .   c - +0 shield
rNeg     . . .     Faith    .   Y - +4 plate armour {rC+}
rPois    .         Spirit   .   k - +1 hat {MR+}
rElec    .         Reflect  +   R - +2 cloak {rC+}
rCorr    .         Harm     .   O - +0 pair of gloves {Dex+3}
MR       +++++                  v - +0 pair of boots of Kijag {MR++ MP+9 Str+4 Dex-4}
Stlth    ..........             U - +5 amulet of reflection
HPRegen  0.36/turn              (no ring)
MPRegen  0.19/turn              J - +4 ring of strength

@: engulfed (cannot breathe)
A: retaliatory headbutt, horns 2, fire resistance 1, low mp 2, magic resistance
1
a: Heroism, Finesse, Renounce Religion


You were on level 3 of the Shoals.
You worshipped Okawaru.
Okawaru was exalted by your worship.
You were not hungry.

You visited 7 branches of the dungeon, and saw 29 of its levels.
You visited 1 bazaar.
You also visited: Sewer, Gauntlet and Ice Cave.

You collected 3498 gold pieces.
You spent 1325 gold pieces at shops.

Inventory:

Hand Weapons
 a - a +3 double sword of slicing (weapon)
 b - a +3 scimitar of flaming
 j - the +7 falchion "Moemob" {slice, +Fly Stlth+}
   (Okawaru gifted it to you on level 1 of the Elven Halls)

   It inflicts extra damage upon your enemies.
   It lets you fly.
   It makes you more stealthy.
 K - the +7 long sword of Circularity {pain, +Rage Int+2 Dex+3}
   (Okawaru gifted it to you on level 2 of the Shoals)

   In the hands of one skilled in necromantic magic, it inflicts extra damage on
   living creatures.
   It affects your intelligence (+2).
   It affects your dexterity (+3).
   It lets you go berserk.
Armour
 c - a +0 shield (worn)
 k - a +1 hat of magic resistance (worn)
 o - a +2 hat
 v - the +0 pair of boots of Kijag (worn) {MR++ MP+9 Str+4 Dex-4}
   (You bought it in a shop on level 2 of the Orcish Mines)

   It affects your strength (+4).
   It affects your dexterity (-4).
   It affects your resistance to hostile enchantments.
   It affects your magic capacity (+9).
 I - the +0 hat of the Hills {+Blink rC- MR+ Int+6}
   (Okawaru gifted it to you in a Gauntlet)

   It affects your intelligence (+6).
   It makes you vulnerable to cold.
   It affects your resistance to hostile enchantments.
   It lets you blink.
 O - a +0 pair of gloves of dexterity (worn)
 P - a +3 plate armour
 R - a +2 cloak of cold resistance (worn)
 X - a +0 pair of gloves of archery
 Y - a +4 plate armour of cold resistance (worn)
Jewellery
 n - an uncursed ring of protection from cold
 u - the amulet of Eternal Harmony {Acrobat +Inv rPois rC-}
   (You bought it in a shop on level 1 of the Elven Halls)

   [amulet of the acrobat]

   It helps you evade while moving and waiting.
   It makes you vulnerable to cold.
   It protects you from poison.
   It lets you turn invisible.
 C - the amulet "Fiudd" {Inacc +Fly rPois Stlth-}
   (You found it on level 3 of the Lair of Beasts)

   [amulet of inaccuracy]

   It reduces the accuracy of all your attacks.
   It protects you from poison.
   It lets you fly.
   It makes you less stealthy.
 H - an uncursed ring of protection from magic
 J - a +4 ring of strength (right hand)
 M - a cursed -3 ring of evasion {unknown}
 Q - an uncursed ring of fire
 U - a +5 amulet of reflection (around neck)
Wands
 l - a wand of digging (5)
 q - a wand of iceblast (11)
 w - a wand of enslavement (18)
 L - a wand of disintegration (10)
 S - a wand of clouds (9)
Scrolls
 e - a scroll of fog
 g - a scroll of magic mapping
 m - 11 scrolls of remove curse
 p - 13 scrolls of teleportation
 r - 3 scrolls of noise
 t - 4 scrolls of blinking
 x - 4 scrolls of fear
 y - a scroll of amnesia
 A - 5 scrolls of enchant armour
 B - 6 scrolls of identify
 D - a scroll of summoning
 V - a scroll of brand weapon
Potions
 d - 5 potions of might
 h - 8 potions of haste
 i - 10 potions of curing
 s - 2 potions of heal wounds
 z - 13 potions of flight
 E - 4 potions of degeneration
 F - 2 potions of agility
 G - 2 potions of berserk rage
 N - 3 potions of resistance
 T - 2 potions of brilliance
 W - a potion of magic
Comestibles
 f - 44 rations
 Z - 6 chunks of flesh


   Skills:
 + Level 15.6 Fighting
 + Level 18.2 Long Blades
   Level 1.6 Axes
 + Level 15.8 Armour
 + Level 6.1 Dodging
 + Level 2.1 Stealth
 + Level 20.1 Shields
 + Level 4.3 Invocations
 + Level 2.0 Evocations


You had 16 spell levels left.
You didn't know any spells.
Your spell library contained the following spells:

 Spells                   Type           Power        Failure   Level  Hunger
 Confusing Touch          Hex            #.....       93%         1    ##.....
 Flame Tongue             Conj/Fire      #....        93%         1    ##.....
 Magic Dart               Conj           #...         93%         1    ##.....
 Shock                    Conj/Air       #...         93%         1    ##.....
 Sting                    Conj/Pois      #...         93%         1    ##.....
 Blink                    Tloc           N/A          98%         2    ###....
 Call Imp                 Summ           #.......     98%         2    ###....
 Searing Ray              Conj           #.....       98%         2    ###....
 Slow                     Hex            #.......     98%         2    ###....
 Swiftness                Chrm/Air       #.......     98%         2    ###....
 Confuse                  Hex            #.......     100%        3    ####...
 Conjure Flame            Conj/Fire      #.......     100%        3    ####...
 Dazzling Spray           Conj/Hex       #.....       100%        3    ####...
 Gell's Gravitas          Tloc           #.........   100%        3    ####...
 Mephitic Cloud           Conj/Pois/Air  #.......     100%        3    ####...
 Recall                   Summ/Tloc      N/A          100%        3    ####...
 Static Discharge         Conj/Air       #.......     100%        3    ####...
 Airstrike                Air            #.........   100%        4    #####..
 Cause Fear               Hex            #.........   100%        4    #####..
 Force Lance              Conj/Tloc      #.......     100%        4    #####..
 Fulminant Prism          Conj/Hex       #.........   100%        4    #####..
 Iskenderun's Mystic Bla  Conj           #.......     100%        4    #####..
 Leda's Liquefaction      Hex/Erth       #.........   100%        4    #####..
 Petrify                  Tmut/Erth      #.......     100%        4    #####..
 Sticky Flame             Conj/Fire      #.......     100%        4    #####..
 Summon Ice Beast         Ice/Summ       #.......     100%        4    #####..
 Summon Lightning Spire   Summ/Air       #.......     100%        4    #####..
 Aura of Abjuration       Summ           #.........   100%        5    ######.
 Bolt of Magma            Conj/Fire/Erth #.........   100%        5    ######.
 Lightning Bolt           Conj/Air       #.........   100%        5    ######.
 Metabolic Englaciation   Hex/Ice        #.........   100%        5    ######.
 Silence                  Hex/Air        #.........   100%        5    ######.
 Summon Demon             Summ           #.........   100%        5    ######.
 Summon Forest            Summ/Tloc      #.........   100%        5    ######.
 Summon Mana Viper        Hex/Summ       #.......     100%        5    ######.
 Yara's Violent Unravell  Hex/Tmut       #.........   100%        5    ######.
 Bolt of Fire             Conj/Fire      #.........   100%        6    #######
 Deflect Missiles         Chrm/Air       #.........   100%        6    #######
 Iron Shot                Conj/Erth      #.........   100%        6    #######
 Shadow Creatures         Summ           N/A          100%        6    #######
 Statue Form              Tmut/Erth      #........    100%        6    #######
 Dragon Form              Tmut           #.........   100%        7    #######
 Malign Gateway           Summ/Tloc      #.........   100%        7    #######
 Orb of Destruction       Conj           #.........   100%        7    #######
 Ring of Flames           Chrm/Fire      #.........   100%        7    #######
 Spellforged Servitor     Conj/Summ      #.........   100%        7    #######
 Discord                  Hex            #.........   100%        8    #######
 Ignition                 Fire           #.........   100%        8    #######
 Dragon's Call            Summ           #.........   100%        9    #######
 Shatter                  Erth           #.........   100%        9    #######
 Tornado                  Air            #.........   100%        9    #######


Dungeon Overview and Level Annotations

Branches:
Dungeon (15/15)            Temple (1/1) D:5            Lair (6/6) D:11
 Shoals (3/4) Lair:4        Snake (0/4) Lair:4        Slime (0/5) Lair:5
    Orc (2/2) D:12            Elf (1/3) Orc:2        Vaults (0/5) D:14
 Depths (1/5) D:15          Sewer (visited)           IceCv (visited)
Gauntlet (visited)

Altars:
Ashenzari
Cheibriados
Elyvilon
Fedhas
Hepliaklqana
Nemelex Xobeh
Okawaru
Ru
Sif Muna
Trog
Vehumet
Wu Jian
Xom
The Shining One
Beogh

Shops:
D:13 *   Orc:2 (**(   Elf:1 =}}   Shoals:1 *

Portals:
Hell: Depths:1

Annotations:
Shoals:3 Ilsuiw, Mara


Innate Abilities, Weirdness & Mutations

You reflexively headbutt those who attack you in melee.
You have a pair of horns on your head.
Your flesh is heat resistant. (rF+)
Your magical capacity is very low. (-20% MP)
You are resistant to hostile enchantments. (MR+)


Message History

You block the water elemental's attack.
The merfolk siren chants a haunting song.
You resist with almost no effort. You block the merfolk impaler's attack.
You block the water elemental's attack.
Unknown command.
You closely miss something.
* * * LOW HITPOINT WARNING * * *
Your lungs strain for air!
You block the merfolk impaler's attack. You block the merfolk siren's attack.
The water elemental hits you. Something hits you but does no damage.
The water elemental closely misses you.
Unknown command.
You slash something!
* * * LOW HITPOINT WARNING * * *
Your lungs strain for air!
You block the merfolk impaler's attack. You block the water elemental's attack.
You block the merfolk impaler's attack. You block the merfolk siren's attack.
Unknown command.
You barely miss something.
You die...

##≈≈≈≈≈≈≈≈≈≈≈≈.≈
..≈≈≈≈≈≈≈≈≈≈≈^.≈≈≈≈≈≈≈≈≈
..≈≈≈≈≈≈≈≈...###..≈≈≈P≈≈
≈≈≈≈≈≈≈≈≈≈....##...≈..PP
≈≈≈≈≈≈≈≈.............P#
≈≈≈≈≈≈......###.......##
≈≈≈.[.......(.........P.
≈≈≈<..((.........E....=....
≈(.(..((........@{m..P.PP..
≈)...≈≈[.(......mE.PP......
≈.≈..≈≈≈≈..≈()≈≈≈≈.....P.P.
≈≈...≈≈≈≈≈≈)))≈)≈≈≈.P....≈≈
≈≈...≈≈≈≈≈≈≈≈≈≈≈≈≈≈.P...PP≈
≈≈≈..≈(...≈≈≈)≈≈≈≈≈≈≈≈≈..P≈
≈....≈≈....≈≈≈≈≈.##.≈≈≈≈...
.#......(...≈≈(.#..#..≈≈...
.#.........≈≈.#(#..#.#.≈≈..


You could see a merfolk impaler, 2 water elementals and a merfolk siren.

Vanquished Creatures
  Kirke (D:15)
  A fire giant (Depths:1)
  3 stone giants (Depths:1)
  Nessos (Lair:5)
  Azrael (D:15)
  A minotaur (Gauntlet)
  The ghost of Bolunijamo the Blocker, a journeyman GnFi of Okawaru (Lair:5)
  A deep elf annihilator (D:12)
  The ghost of fritzmikael the Carver, a journeyman TeGl of Qazlal (Lair:6)
  3 fire dragons
  A death ooze (Gauntlet)
  Josephine (D:11)
  A yaktaur captain (D:14)
  A merfolk impaler (Shoals:2)
  A merfolk javelineer (Depths:1)
  Erolcha (Orc:2)
  2 rakshasas
  An ice dragon (D:15)
  13 hydras
  3 merfolk avatars
  9 two-headed ogres
  A centaur warrior (D:14)
  An ogre mage (D:15)
  3 catoblepae
  An alligator snapping turtle (Shoals:1)
  2 dancing weapons
  3 orc high priests
  3 tengu warriors
  4 deep elf knights (Elf:1)
  A fire crab (Shoals:3)
  4 sixfirhies (Gauntlet)
  6 sea snakes
  13 skeletal warriors
  2 unseen horrors
  A glowing orange brain (Depths:1)
  A lindwurm (Lair:3)
  A wizard (D:15)
  2 deep elf archers (Elf:1)
  5 orc knights
  A necromancer (IceCv)
  12 deep elf magi
  3 ugly things (D:11)
  6 orc sorcerers
  2 cyclopes (D:14)
  10 fauns
  3 manticores
  9 black mambas
  Maurice (D:8)
  4 merfolk sirens
  11 elephants (Lair:4)
  An ice statue (IceCv)
  4 water nymphs
  3 gargoyles
  22 spiny frogs
  2 rime drakes (Lair:5)
  A kobold demonologist (D:13)
  A yaktaur (D:14)
  10 komodo dragons
  The ghost of tmanko2 the Shield-Bearer, a novice GrFi of Ru (D:5)
  2 yaktaurs (shapeshifter)
  10 freezing wraiths (IceCv)
  A tengu conjurer (D:10)
  An efreet (D:14)
  15 merfolk
  3 meliai (D:14)
  2 polar bears (shapeshifter)
  5 trolls
  A wolf spider simulacrum (IceCv)
  5 tyrant leeches (Lair:6)
  5 hornets
  A wind drake (Shoals:3)
  13 hippogriffs
  4 slime creatures (Depths:1)
  17 blink frogs
  4 snapping turtles
  17 dream sheep
  A shadow (D:12)
  4 wyverns
  6 basilisks
  A ynoxinul (Gauntlet)
  3 fire elementals (D:15)
  10 water elementals
  A human (shapeshifter) (D:15)
  7 wraiths
  18 yaks
  3 fire bats (Shoals:3)
  5 hogs
  A catoblepas simulacrum (Lair:5)
  5 hungry ghosts
  3 nagas (Lair:4)
  A death yak simulacrum (IceCv)
  11 vampire mosquitoes
  A steam dragon (D:11)
  2 wargs (Orc:1)
  3 acid dragons
  3 soldier ants
  Duvessa (D:5)
  A hydra simulacrum (Lair:5)
  2 hell hounds (D:15)
  19 water moccasins
  Purgy (Sewer)
  11 porcupines
  A swamp drake (Orc:1)
  2 eyes of draining
  A swamp drake (shapeshifter) (Elf:1)
  A black bear (D:12)
  23 orc warriors
  17 ice beasts
  2 sky beasts
  4 boggarts (Depths:1)
  11 ogres
  27 wolves
  5 centaurs
  6 big kobolds
  19 crocodiles
  29 bullfrogs
  A gnoll sergeant (D:7)
  Dowan (D:5)
  A wyvern zombie (D:15)
  7 earth elementals (D:14)
  7 scorpions
  A water moccasin skeleton (D:12)
  A dream sheep simulacrum (Lair:5)
  11 killer bees
  An elephant simulacrum (Lair:5)
  5 wights (D:13)
  3 electric eels
  3 jellies
  A rime drake simulacrum (Lair:5)
  9 crimson imps
  A lava snake (D:12)
  A bullfrog zombie (D:12)
  A draconian simulacrum (IceCv)
  A quasit (D:6)
  4 centaur zombies
  A bullfrog skeleton (D:6)
  5 iron imps
  11 hounds
  A komodo dragon simulacrum (Lair:5)
  Crazy Yiuf (D:2)
  21 orc priests
  5 centaur skeletons
  4 iguanas
  39 orc wizards
  15 worker ants
  7 troll simulacra (IceCv)
  A spriggan simulacrum (IceCv)
  A polar bear simulacrum (IceCv)
  A wolf simulacrum (IceCv)
  4 centaur simulacra (IceCv)
  A hound zombie (D:6)
  A hound skeleton (D:4)
  A worker ant zombie (D:11)
  15 gnolls
  5 naga simulacra (IceCv)
  2 ogre simulacra (IceCv)
  20 adders
  4 shadow imps
  13 white imps
  2 oozes
  An adder skeleton (D:9)
  An adder zombie (D:8)
  3 worms
  5 dart slugs
  5 leopard geckos
  113 orcs
  4 ball pythons
  7 giant cockroaches
  43 goblins
  28 hobgoblins
  17 jackals
  A quokka (D:7)
  7 bats
  10 frilled lizards
  19 kobolds
  A leopard gecko zombie (D:5)
  A quokka zombie (D:6)
  4 rats
  2 fungi
  A plant (Lair:1)
1101 creatures vanquished.

Vanquished Creatures (others)
  A centaur warrior (D:15)
  A satyr (Shoals:3)
  A deep elf mage (Elf:1)
  A wizard (D:6)
  A faun (Shoals:3)
  A yaktaur (D:14)
  A merfolk (Shoals:3)
  A centaur (Shoals:3)
  An orc priest (D:14)
  An orc wizard (D:14)
  4 orcs
  2 kobolds (D:13)
  A bush (Lair:6)
  A fire vortex (D:12)
  6 fungi
  26 plants
  4 toadstools (D:1)
  A withered plant (Gauntlet)
55 creatures vanquished.

Grand Total: 1156 creatures vanquished

Notes
Turn   | Place    | Note
-------+----------+-------------------------------------------
     0 | D:1      | Peloso the Minotaur Fighter began the quest for the Orb.
     0 | D:1      | Reached XP level 1. HP: 19/19 MP: 0/0
    67 | D:1      | Reached XP level 2. HP: 24/27 MP: 1/1
   183 | D:1      | Reached skill level 4 in Shields
   281 | D:1      | Reached XP level 3. HP: 32/33 MP: 2/2
   549 | D:1      | Gained mutation: Your magical capacity is low. (-10% MP)
                  | [potion of mutation]
   549 | D:1      | Gained mutation: Your flesh is heat resistant. (rF+)
                  | [potion of mutation]
   549 | D:1      | Gained mutation: Your magical capacity is very low. (-20%
                  | MP) [potion of mutation]
   549 | D:1      | Gained mutation: You are resistant to hostile enchantments.
                  | (MR+) [potion of mutation]
   830 | D:2      | Found a runed translucent door.
   831 | D:2      | Noticed Crazy Yiuf
   899 | D:2      | Reached XP level 4. HP: 33/40 MP: 2/2
  1510 | D:2      | Killed Crazy Yiuf
  1571 | D:3      | Reached XP level 5. HP: 44/47 MP: 3/3
  1627 | D:3      | Reached skill level 5 in Armour
  2318 | D:3      | Reached XP level 6. HP: 53/53 MP: 3/3
  2664 | D:4      | Reached skill level 5 in Shields
  2862 | D:4      | Reached skill level 5 in Long Blades
  3196 | D:4      | You fall into a shaft and drop 3 floors!
  3197 | D:7      | Noticed a hungry ghost
  3213 | D:7      | Killed a hungry ghost
  3213 | D:7      | Reached XP level 7. HP: 52/60 MP: 4/4
  3220 | D:7      | Paralysed by fainting for 12 turns
  3241 | D:7      | Paralysed by fainting for 12 turns
  3483 | D:6      | Found a glowing drain.
  3496 | D:6      | Reached skill level 5 in Fighting
  3509 | Sewer    | Entered a sewer
  3618 | Sewer    | Noticed Purgy
  3630 | Sewer    | Killed Purgy
  3630 | Sewer    | Reached skill level 1 in Dodging
  3775 | D:5      | Entered Level 5 of the Dungeon
  3781 | D:5      | Found a runed translucent gate.
  3781 | D:5      | Found a runed translucent gate.
  3781 | D:5      | Found a runed translucent gate.
  3785 | D:5      | Noticed tmanko2's ghost (novice GrFi)
  3790 | D:5      | Found a roughly hewn altar of Beogh.
  3852 | D:5      | Reached skill level 6 in Shields
  4016 | D:4      | Reached XP level 8. HP: 64/68 MP: 5/5
  4517 | D:5      | Found a staircase to the Ecumenical Temple.
  4533 | Temple   | Entered the Ecumenical Temple
  4582 | Temple   | Became a worshipper of Warmaster Okawaru
  4750 | D:5      | Noticed Duvessa
  4750 | D:5      | Noticed Dowan
  4761 | D:5      | Killed Duvessa
  4774 | D:5      | Killed Dowan
  4905 | D:5      | Reached skill level 7 in Shields
  5273 | D:7      | Found a shimmering altar of Xom.
  5290 | D:7      | Reached * piety under Okawaru
  5533 | D:7      | Reached XP level 9. HP: 75/75 MP: 6/6
  5713 | D:8      | Noticed Maurice
  5724 | D:8      | Killed Maurice
  5724 | D:8      | Reached skill level 1 in Stealth
  5724 | D:8      | Reached skill level 8 in Shields
  5726 | D:8      | Reached ** piety under Okawaru
  6138 | D:8      | Reached skill level 10 in Long Blades
  6238 | D:8      | Noticed a two-headed ogre
  6256 | D:8      | Killed a two-headed ogre
  6256 | D:8      | Reached *** piety under Okawaru
  6256 | D:8      | Reached skill level 9 in Shields
  6256 | D:8      | Reached XP level 10. HP: 18/84 MP: 4/7
  7184 | D:9      | Found a hazy altar of Hepliaklqana.
  7418 | D:9      | Reached skill level 1 in Invocations
  8012 | D:10     | Entered Level 10 of the Dungeon
  8230 | D:10     | Reached skill level 10 in Armour
  8240 | D:10     | Noticed a two-headed ogre
  8252 | D:10     | Killed a two-headed ogre
  8252 | D:10     | Reached **** piety under Okawaru
  8252 | D:10     | Reached skill level 10 in Shields
  8388 | D:10     | Noticed a gargoyle
  8388 | D:10     | Noticed an eight-headed hydra
  8433 | D:10     | Killed a gargoyle
  8441 | D:10     | Reached ***** piety under Okawaru
  8441 | D:10     | Reached XP level 11. HP: 82/94 MP: 5/8
  8896 | D:6      | Found a bloodstained altar of Trog.
  8908 | D:6      | Noticed a wizard
  8913 | D:6      | Killed a wizard
  9284 | D:6      | Reached skill level 11 in Shields
 10212 | D:5      | Killed tmanko2's ghost
 10482 | D:11     | Noticed a white ugly thing
 10508 | D:11     | Killed a white ugly thing
 10524 | D:11     | Received a gift from Okawaru
 10631 | D:11     | Noticed a white ugly thing
 10635 | D:11     | Found a frozen archway.
 10639 | IceCv    | Entered an ice cave
 11064 | IceCv    | Reached skill level 12 in Shields
 11452 | IceCv    | Noticed a necromancer
 11458 | IceCv    | Killed a necromancer
 11606 | IceCv    | Found an ancient bone altar of Kikubaaqudgha.
 11960 | D:11     | Reached XP level 12. HP: 100/104 MP: 6/9
 12001 | D:11     | Found a staircase to the Lair.
 12014 | D:11     | Reached skill level 13 in Shields
 12156 | D:11     | Noticed Josephine
 12174 | D:11     | Killed Josephine
 12518 | D:11     | Noticed a five-headed hydra
 12529 | D:11     | Killed an 11-headed hydra
 12529 | D:11     | Received a gift from Okawaru
 12892 | D:11     | Reached skill level 10 in Fighting
 13082 | D:12     | Noticed a two-headed ogre
 13082 | D:12     | Noticed a deep elf annihilator
 13100 | D:12     | Killed a two-headed ogre
 13315 | D:12     | Received a gift from Okawaru
 13315 | D:12     | Reached skill level 14 in Shields
 13367 | D:12     | Killed a deep elf annihilator
 13386 | D:12     | Identified the Reference Book on Calling
 13388 | D:12     | Identified the Papyrus of the Destructive Entourage
 13431 | D:12     | Noticed a tengu warrior
 13431 | D:12     | Noticed a tengu warrior
 13465 | D:12     | Killed a tengu warrior
 13486 | D:12     | Killed a tengu warrior
 13486 | D:12     | Reached XP level 13. HP: 109/113 MP: 11/11
 13691 | D:12     | Found a staircase to the Orcish Mines.
 14288 | Lair:1   | Entered Level 1 of the Lair of Beasts
 15514 | Orc:1    | Entered Level 1 of the Orcish Mines
 15556 | Orc:1    | Reached skill level 15 in Shields
 15615 | Orc:1    | Paralysed by an orc sorcerer for 7 turns
 15623 | Orc:1    | Reached skill level 5 in Dodging
 15919 | Orc:1    | Found a radiant altar of Vehumet.
 16580 | Orc:2    | Entered Level 2 of the Orcish Mines
 16580 | Orc:2    | Noticed Erolcha
 16585 | Orc:2    | Killed Erolcha
 16585 | Orc:2    | Received a gift from Okawaru
 17089 | Orc:2    | Found a staircase to the Elven Halls.
 17302 | Orc:2    | Found a bloodstained altar of Trog.
 17681 | Orc:2    | Paralysed by an orc sorcerer for 5 turns
 18190 | Orc:1    | Received a gift from Okawaru
 18200 | Orc:1    | Got a scorched demon blade {god gift}
 18201 | Orc:1    | Identified the +3 demon blade of Responsibility {elec, +Inv
                  | rN+ Str-4} (Okawaru gifted it to you on level 1 of the
                  | Orcish Mines)
 18457 | Orc:2    | Found Byjewk's Antique Weapon Shoppe.
 18457 | Orc:2    | Found Qonuar's Antique Weapon Shoppe.
 18458 | Orc:2    | Found Neib's Assorted Antiques.
 18458 | Orc:2    | Found Noagot's Assorted Antiques.
 18486 | Orc:2    | Bought a pair of scorched boots for 285 gold pieces
 18497 | Orc:2    | Identified the cursed +0 pair of boots of Kijag {MR++ MP+9
                  | Str+4 Dex-4} (You bought it in a shop on level 2 of the
                  | Orcish Mines)
 18498 | Orc:2    | Bought a golden potion for 27 gold pieces
 18498 | Orc:2    | Bought a scroll labeled TUNU NUEZOINKANE for 30 gold pieces
 18670 | D:13     | Reached skill level 15 in Long Blades
 18684 | D:13     | Found Arukuriu's General Store.
 18704 | D:13     | Reached XP level 14. HP: 75/125 MP: 12/12
 18796 | D:13     | Reached skill level 1 in Axes
 18836 | D:13     | Found a gate leading to a gauntlet.
 18843 | Gauntlet | Entered a Gauntlet
 18843 | Gauntlet | Found a transporter.
 18843 | Gauntlet | Found a transporter.
 18852 | Gauntlet | Found a transporter.
 18856 | Gauntlet | Found a transporter.
 18869 | Gauntlet | Found a transporter.
 18872 | Gauntlet | Found a transporter.
 18884 | Gauntlet | Found a transporter.
 18900 | Gauntlet | Found a transporter.
 18914 | Gauntlet | Found a transporter.
 18918 | Gauntlet | Found a transporter.
 18926 | Gauntlet | Found a transporter.
 18930 | Gauntlet | Found a transporter.
 18979 | Gauntlet | Reached skill level 16 in Shields
 19108 | Gauntlet | Got a pair of shimmering boots
 19120 | Gauntlet | Identified the cursed -4 pair of boots of Resourcefulness
                  | {rC+} (You found it in a Gauntlet)
 19334 | Gauntlet | Received a gift from Okawaru
 19338 | Gauntlet | Got a brightly glowing hat {god gift}
 19349 | Gauntlet | Identified the +0 hat of the Hills {+Blink rC- MR+ Int+6}
                  | (Okawaru gifted it to you in a Gauntlet)
 19361 | Gauntlet | Identified Utivvih's Grimoire of Greatest Risks and Utility
 19362 | Gauntlet | Got a coiled ivory ring
 19368 | Gauntlet | Identified the ring "Qepur" {*Tele +Fly} (You found it in a
                  | Gauntlet)
 19525 | D:13     | Bought a scroll of identify for 32 gold pieces
 20878 | D:14     | Found a gateway to a bazaar.
 20902 | Bazaar   | Entered a bazaar
 20903 | Bazaar   | Found Losaekh's Antique Weapon Shop.
 20903 | Bazaar   | Found Kyohotau's Gadget Boutique.
 20904 | Bazaar   | Found Egroun's Gadget Emporium.
 20938 | Bazaar   | Found Adghasism's Food Emporium.
 21373 | D:14     | Found a gate to the Vaults.
 22002 | D:15     | Entered Level 15 of the Dungeon
 22048 | D:15     | Received a gift from Okawaru
 22193 | D:15     | Reached skill level 17 in Shields
 22203 | D:15     | Noticed Kirke
 22633 | D:15     | Killed Kirke
 22633 | D:15     | Reached XP level 15. HP: 135/135 MP: 13/13
 22716 | D:15     | Found a sparkling altar of Nemelex Xobeh.
 22730 | D:15     | Noticed Azrael
 22736 | D:15     | Killed Azrael
 22969 | D:15     | Found a staircase to the Depths.
 23003 | D:15     | Found a shattered altar of Ashenzari.
 23034 | D:15     | Reached ****** piety under Okawaru
 23540 | Lair:1   | Identified a scroll of acquirement
 24005 | Depths:1 | Entered Level 1 of the Depths
 24442 | Depths:1 | Noticed a fire giant
 24450 | Depths:1 | Killed a fire giant
 24484 | Depths:1 | Found a gateway to Hell.
 25022 | Depths:1 | Found a blossoming altar of Fedhas.
 25024 | Depths:1 | Found a shimmering altar of Xom.
 25024 | Depths:1 | Found a white marble altar of Elyvilon.
 25027 | Depths:1 | Found a shimmering altar of Xom.
 25027 | Depths:1 | Found a blossoming altar of Fedhas.
 25027 | Depths:1 | Found a sparkling altar of Nemelex Xobeh.
 25463 | Elf:1    | Entered Level 1 of the Elven Halls
 25517 | Elf:1    | Reached skill level 1 in Evocations
 25824 | Elf:1    | Received a gift from Okawaru
 25855 | Elf:1    | Got a fine falchion {god gift}
 26201 | Elf:1    | Found Fearor's Jewellery Boutique.
 26201 | Elf:1    | Found Juuzamac's Gadget Shoppe.
 26202 | Elf:1    | Found Baurr's Gadget Shoppe.
 26226 | Elf:1    | Bought a wand of digging (6) for 300 gold pieces
 26228 | Elf:1    | Bought the amulet of Eternal Harmony {Acrobat +Inv rPois
                  | rC-} for 576 gold pieces
 26233 | Elf:1    | Identified the +7 falchion "Moemob" {slice, +Fly Stlth+}
                  | (Okawaru gifted it to you on level 1 of the Elven Halls)
 27005 | Lair:2   | Reached skill level 18 in Shields
 28142 | Lair:3   | Found a sacrificial altar of Ru.
 28173 | Lair:3   | Got a wavering ruby amulet
 28175 | Lair:3   | Identified the amulet "Fiudd" {Inacc +Fly rPois Stlth-}
                  | (You found it on level 3 of the Lair of Beasts)
 28997 | Lair:4   | Reached XP level 16. HP: 141/146 MP: 14/14
 29003 | Lair:4   | Reached skill level 15 in Armour
 29065 | Lair:4   | Found a staircase to the Snake Pit.
 29220 | Lair:4   | Found a staircase to the Shoals.
 29253 | Lair:4   | Received a gift from Okawaru
 29869 | Lair:5   | Found a staircase to the Slime Pits.
 29930 | Lair:5   | Noticed Nessos
 29942 | Lair:5   | Killed Nessos
 30031 | Lair:5   | Found a runed translucent gate.
 30032 | Lair:5   | Found a runed translucent gate.
 30033 | Lair:5   | Found a runed translucent gate.
 30053 | Lair:5   | Noticed Bolunijamo's ghost (journeyman GnFi)
 30068 | Lair:5   | Killed Bolunijamo's ghost
 30102 | Lair:5   | Got a faintly glowing rapier
 30103 | Lair:5   | Identified the +5 rapier of Gozag's Reproof {drain, MR+
                  | SInv} (You found it on level 5 of the Lair of Beasts)
 30527 | Lair:5   | Received a gift from Okawaru
 30555 | Lair:5   | Reached skill level 19 in Shields
 30566 | Lair:5   | Found the +8 whip "Snakebite" {curare, rPois}
 30810 | Lair:6   | Entered Level 6 of the Lair of Beasts
 31835 | Lair:6   | Reached skill level 15 in Fighting
 31837 | Lair:6   | Found a runed translucent door.
 31837 | Lair:6   | Found a shimmering altar of Xom.
 31837 | Lair:6   | Noticed fritzmikael's ghost (journeyman TeGl)
 31878 | Lair:6   | Killed fritzmikael's ghost
 32693 | Shoals:1 | Entered Level 1 of the Shoals
 33030 | Shoals:1 | Found Bulinkeg's General Store.
 33080 | Shoals:1 | Bought a scroll of enchant armour for 75 gold pieces
 33714 | Shoals:2 | Received a gift from Okawaru
 33718 | Shoals:2 | Got a twisted long sword {god gift}
 33719 | Shoals:2 | Identified the +7 long sword of Circularity {pain, +Rage
                  | Int+2 Dex+3} (Okawaru gifted it to you on level 2 of the
                  | Shoals)
 34105 | Shoals:2 | Reached XP level 17. HP: 122/156 MP: 15/15
 34630 | Shoals:3 | HP: 2/156 [drowned by a drowned soul[a merfolk avatar] (9)]
 35015 | Shoals:3 | Reached skill level 20 in Shields
 35114 | Shoals:3 | Noticed Ilsuiw
 35125 | Shoals:3 | Noticed Mara
 35157 | Shoals:3 | HP: 6/157 [drowned by a water elemental[Ilsuiw] (4)]
 35158 | Shoals:3 | HP: 2/157 [drowned by a water elemental[Ilsuiw] (4)]
 35159 | Shoals:3 | Drowned by a water elemental

Levels and vault maps discovered:
D:1:      ldierk_water_garden, layout_rooms, minmay_split_cup_large
D:2:      kennysheep_the_goblin_king, layout_basic, uniq_crazy_yiuf_cottage
D:3:      layout_basic
D:4:      layout_layer_cave
D:5:      layout_loops_cross, minmay_temple_entry_tees,
          biasface_ghost_orc_armoury, first_ration, uniq_duvessa
D:6:      minmay_goblin_kobold_castle, layout_loops_ring,
          cheibrodos_sewer_entry_sluice, trog_wizard
D:7:      layout_rooms, xom_butterflies
D:8:      layout_basic, uniq_maurice
D:9:      layout_loops_corners, basic_altar, minmay_misc_feat_more_columns
D:10:     minmay_chambers_of_sevens, layout_long_grid
D:11:     layout_irregular_city, minmay_lair_entry_grove,
          portal_ice_cave_entry_pillars_1, uniq_josephine
D:12:     cheibrodos_wizards_tower, layout_loops_ring, david_orc_2,
          hangedman_pestilent_swarm, minmay_misc_feat_doors,
          kennysheep_minor_cross
D:13:     layout_stronghold, gauntlet_entry_generic, serial_shops, shop
D:14:     layout_rooms, david_vaults_2, serial_shops, bzr_in_the_mist,
          chequers_hall_statues_y, hangedman_cracks_in_the_wall
D:15:     grunt_enter_depths_hoard, layout_long_grid, basic_altar,
          ashenzari_altar_1, uniq_azrael, uniq_kirke
Temple:   roderic_octagonal_lattice_temple
Lair:1:   layout_chaotic_city
Lair:2:   layout_concentric_octagons, guppyfry_lair_drakes
Lair:3:   cheibrodos_lair_overgrown_chateau, layout_loops_ring, basic_altar,
          chequers_serial_rivers_micro_c, beast_lair_carwin_11,
          infiniplex_staircase_pool_2, serial_bayou_shore_a
Lair:4:   layout_gridlike, shoals_dummy_entry, guppyfry_snake_entry_island,
          grunt_megastairs_3
Lair:5:   minmay_guarded_unrand_snakebite, layout_regular_city, slime_dummy,
          gammafunk_ghost_icy, uniq_nessos
Lair:6:   minmay_lair_end_frog_pond, layout_regular_city, ebering_ghost_xom
Shoals:1: layout_shoals, serial_shops, shop, overgrown_statue
Shoals:2: layout_shoals, nicolae_shoals_loop_pool
Shoals:3: layout_shoals, hangedman_shoal_volcano, uniq_ilsuiw, uniq_mara
Orc:1:    layout_diamond_mine, basic_altar, hangedman_minor_magic
Orc:2:    st_orc_elflike, layout_caves, basic_altar, uniq_erolcha
Elf:1:    layout_loops_cross, nicolae_elf_m_pinch, serial_sigils_hangedman_gnaw,
          minmay_shop_grove
Depths:1: layout_cave_pools, hell_entry, serial_sigils_hangedman_writhe,
          drop_trap, doesnt_xom_only_xom

Skill      XL: |  1  2  3  4  5  6  7  8  9 10 11 12 13 14 15 16 17 |
---------------+----------------------------------------------------+-----
Armour         | 4 5 6 7 9 10 11 12 13 14 15 | 15.8
Shields        | 4 5 6 7 9 10 12 14 15 17 18 19 20 | 20.1
Fighting       | 4 5 6 7 9 10 11 13 14 15 | 15.6
Long Blades    | 3 4 6 7 9 10 11 12 14 15 16 17 18 | 18.2
Dodging        | 1 3 4 5 6 |  6.1
Stealth        | 1 2 |  2.1
Invocations    | 1 3 4 |  4.3
Axes           | 1 |  1.6
Evocations     | 1 2 |  2.0

Action                   |  1- 3 |  4- 6 |  7- 9 | 10-12 | 13-15 | 16-18 || total
-------------------------+-------+-------+-------+-------+-------+-------++-------
Melee: Long sword        |    70 |   150 |   190 |       |       |       ||   410
       Headbutt          |     9 |    32 |    75 |   312 |   398 |   187 ||  1013
       Falchion          |       |       |   141 |  1224 |   383 |       ||  1748
       Double sword      |       |       |       |       |  1122 |   662 ||  1784
       Battleaxe         |       |       |       |       |     5 |       ||     5
       Scimitar          |       |       |       |       |     9 |    88 ||    97
Invok: Heroism           |       |       |     5 |    38 |    18 |       ||    61
       Finesse           |       |       |       |     1 |     1 |       ||     2
Evoke: Wand              |       |       |       |       |    21 |     5 ||    26
  Use: Potion            |     5 |     1 |     2 |     3 |     1 |     1 ||    13
       Scroll            |       |     6 |     5 |     6 |    17 |     6 ||    40
  Eat: Chunk             |       |     7 |    11 |    17 |    32 |    18 ||    85
       Ration            |       |       |     1 |     3 |     5 |     1 ||    10
Armor: Scale mail        |    46 |    12 |       |       |       |       ||    58
       Chain mail        |       |    62 |   188 |   161 |       |       ||   411
       Plate armour      |       |       |       |   239 |   604 |   266 ||  1109
Dodge: Dodged            |    14 |    53 |    86 |   290 |   412 |   260 ||  1115
       Deflected         |       |       |       |     7 |       |       ||     7
Block: Shield            |    39 |    79 |   207 |   731 |  1281 |   779 ||  3116
       Reflection        |       |       |       |       |    53 |    37 ||    90
       Other             |       |       |       |       |     3 |       ||     3
       Rpst.: Long sword |     4 |    22 |    14 |       |       |       ||    40
       Falchion          |       |       |     6 |    69 |    21 |       ||    96
       Double sword      |       |       |       |       |    78 |    45 ||   123
       Scimitar          |       |       |       |       |     1 |     7 ||     8
